 Dungeon Crawl Stone Soup version 0.20-a0-1006-ge6c5631 (webtiles) character file.

10115 JeffiDaFish the Destroyer (level 11, -9/64 HPs)
             Began as a Gargoyle Fire Elementalist on Apr 13, 2017.
             Mangled by a six-headed hydra (12 damage)
             ... on level 2 of the Lair of Beasts.
             The game lasted 00:24:16 (10573 turns).

JeffiDaFish the Destroyer (GrFE)                   Turns: 10573, Time: 00:24:17

Health: -9/64      AC: 27    Str:  9 (11) XL:     11   Next: 57%
Magic:  4/22       EV: 13    Int: 14 (17) God:
Gold:   511        SH:  0    Dex:  9 (13) Spells: 13/25 levels left

rFire    . . .     SeeInvis +   p - +3 dire flail (protect)
rCold    . . .     Gourm    .   (shield currently unavailable)
rNeg     + + .     Faith    .   m - +0 leather armour
rPois    ∞         Spirit   .   C - +1 helmet
rElec    +         Reflect  .   n - +0 cloak
rCorr    .         Harm     .   (no gloves)
MR       .....                  f - +2 pair of boots
Stlth    +++.......             a - macabre finger necklace {rN+}
Regen    0.2/turn               u - +4 ring of protection
MPRegen  0.2/turn               A - ring of see invisible
                                (no ring)

@: protection aura, very slightly contaminated
A: blurry vision 1, deterioration 2, mutation resistance 1, negative energy
resistance 1, electricity resistance, unbreathing, petrification resistance, rot
immunity, AC +7
a: no special abilities


You were on level 2 of the Lair of Beasts.
You were hungry.

You visited 3 branches of the dungeon, and saw 12 of its levels.

You collected 601 gold pieces.
You spent 90 gold pieces at shops.

Inventory:

Hand Weapons
 d - a +3 whip of electrocution
 p - a +3 dire flail of protection (weapon)
Armour
 f - a +2 pair of boots (worn)
 m - a +0 leather armour (worn)
 n - a +0 cloak (worn)
 C - a +1 helmet (worn)
Jewellery
 a - the macabre finger necklace (around neck) {rN+}
   (You found it on level 6 of the Dungeon)

   [amulet of nothing]

   It protects you from negative energy.
 u - a +4 ring of protection (left hand)
 A - a ring of see invisible (right hand)
Wands
 o - a wand of clouds (6/9)
Scrolls
 e - a scroll of fog
 i - 7 scrolls of teleportation
 k - 5 scrolls of identify
 l - 2 scrolls of remove curse
 x - a scroll of amnesia
 y - 2 scrolls of fear
 z - a scroll of magic mapping
Potions
 g - 2 potions of heal wounds
 h - a potion of cancellation
 r - 2 potions of brilliance
 t - 3 potions of curing
 v - a potion of agility
 B - a potion of flight
Books
 b - a book of Flames

   Spells                             Type                      Level
   a - Flame Tongue                   Conjuration/Fire             1
   b - Throw Flame                    Conjuration/Fire             2
   c - Conjure Flame                  Conjuration/Fire             3
   d - Inner Flame                    Hexes/Fire                   3
   e - Sticky Flame                   Conjuration/Fire             4
   f - Fireball                       Conjuration/Fire             5
 w - a book of Changes

   Spells                             Type                      Level
   a - Beastly Appendage              Transmutation                1
   b - Sticks to Snakes               Transmutation                2
   c - Spider Form                    Transmutation/Poison         3
   d - Ice Form                       Ice/Transmutation            4
   e - Blade Hands                    Transmutation                5
Comestibles
 c - 10 bread rations
 j - 8 meat rations
 q - 6 royal jellies
 s - 16 fruits


   Skills:
 + Level 6.0 Fighting
 + Level 5.1 Maces & Flails
 + Level 4.7 Dodging
 + Level 6.8 Stealth
 * Level 7.6 Spellcasting
 * Level 9.2 Conjurations
 * Level 9.0 Fire Magic


You had 13 spell levels left.
You knew the following spells:

 Your Spells              Type           Power        Failure   Level  Hunger
a - Flame Tongue          Conj/Fire      ####.        1%          1    None
b - Throw Flame           Conj/Fire      ####..       1%          2    None
c - Sticky Flame          Conj/Fire      ####....     4%          4    ####...
d - Fireball              Conj/Fire      ####......   14%         5    #####..


Dungeon Overview and Level Annotations

Branches:
Dungeon (9/15)             Temple (1/1) D:7            Lair (2/6) D:9
 Spider (0/4) Lair:2
  Swamp: Lair:2-4    Shoals: Lair:2-4       Orc: D:9-12

Altars:
Ashenzari
Cheibriados
Dithmenos
Elyvilon
Fedhas
Gozag
Hepliaklqana
Kikubaaqudgha
Makhleb
Nemelex Xobeh
Okawaru
Qazlal
Ru
Sif Muna
Trog
Uskayaw
Vehumet
Wu Jian
Xom
Yredelemnul
Zin
The Shining One

Shops:
D:5 =}!   D:7 ?


Innate Abilities, Weirdness & Mutations

You are resistant to torment.
Your stone body is resilient. (AC +7)
You are immune to poison.
You resist negative energy. (rN+)
You are resistant to electric shocks. (rElec)
You can survive without breathing.
You are immune to petrification.
You are immune to rotting.
Scrolls take you a little longer to read.
Your body often deteriorates upon taking damage.
You are somewhat resistant to further mutation.


Message History

* * * LOW HITPOINT WARNING * * *
You hit the six-headed hydra.
The six-headed hydra is almost dead.
The six-headed hydra closely misses you.
The six-headed hydra bites you but does no damage.
The six-headed hydra bites you.
* * * LOW HITPOINT WARNING * * *
The six-headed hydra closely misses you.
The six-headed hydra bites you but does no damage.
The six-headed hydra barely misses you.
You completely miss the six-headed hydra.
The six-headed hydra is almost dead.
The six-headed hydra closely misses you.
The six-headed hydra bites you.
* * * LOW HITPOINT WARNING * * *
The six-headed hydra bites you.
* * * LOW HITPOINT WARNING * * *
The six-headed hydra bites you but does no damage. x2
The six-headed hydra bites you!
You die...

........####...####..
......### #.....##
...#.## #.#...#.##
.#.### #.#^#^#.#^#
...# ##.#.#.#.## #..#
#^###.#.#†# #.... ##
#.###^## ##... ##
##†# .. #@## #..>.D##
##...# #≈≈≈ ....
..... ..<. ....


You could see a six-headed hydra.

Vanquished Creatures
  A hydra (D:8)
  A black mamba (Lair:1)
  3 spiny frogs (Lair:1)
  3 jumping spiders (Lair:2)
  Grinder (D:3)
  2 dream sheep (D:8)
  5 hippogriffs
  4 blink frogs (Lair:1)
  3 redbacks (Lair:2)
  A wyvern (D:9)
  6 yaks
  Edmund (D:5)
  2 water moccasins
  3 porcupines (D:9)
  3 orc warriors
  A sky beast (D:9)
  4 ogres
  A phantom (D:7)
  7 centaurs
  2 crocodiles (D:9)
  3 big kobolds (D:8)
  6 bullfrogs
  A gnoll sergeant (D:8)
  4 scorpions
  2 howler monkeys (D:9)
  3 crimson imps
  A quasit (D:8)
  2 orc priests
  Crazy Yiuf (D:3)
  2 hounds
  3 jellies
  An orc wizard (D:8)
  Ijyb (D:5)
  3 bullfrog skeletons
  5 worker ants
  A hound zombie (D:5)
  A howler monkey zombie (D:6)
  Robin (D:3)
  9 gnolls
  10 adders
  2 shadow imps
  4 oozes
  An adder zombie (D:8)
  2 adder skeletons
  4 worms
  3 dart slugs
  3 leopard geckos
  20 orcs
  A ball python (D:3)
  2 giant cockroaches
  15 goblins
  10 hobgoblins
  3 jackals (D:6)
  3 quokkas
  9 bats
  7 frilled lizards
  A jackal zombie (D:5)
  7 kobolds
  A leopard gecko skeleton (D:4)
  2 quokka skeletons
  2 quokka zombies
  5 rats
221 creatures vanquished.

Vanquished Creatures (others)
  21 fungi (D:9)
  4 plants (D:9)
25 creatures vanquished.

Grand Total: 246 creatures vanquished

Notes
Turn   | Place    | Note
-------+----------+-------------------------------------------
     0 | D:1      | JeffiDaFish the Gargoyle Fire Elementalist began the quest for the Orb.
     0 | D:1      | Reached XP level 1. HP: 10/10 MP: 3/3
   384 | D:1      | Reached XP level 2. HP: 5/15 MP: 0/5
   780 | D:1      | Learned a level 2 spell: Throw Flame
   825 | D:1      | Reached XP level 3. HP: 19/19 MP: 3/6
  1346 | D:2      | Reached XP level 4. HP: 24/24 MP: 0/7
  1358 | D:2      | Learned a level 4 spell: Sticky Flame
  1403 | D:2      | Reached skill level 1 in Maces & Flails
  1961 | D:3      | Reached XP level 5. HP: 8/28 MP: 1/9
  2371 | D:3      | Noticed Robin
  2382 | D:3      | Reached skill level 1 in Fighting
  2394 | D:3      | Killed Robin
  2394 | D:3      | Reached XP level 6. HP: 14/34 MP: 10/10
  2626 | D:3      | Noticed Grinder
  2640 | D:3      | Killed Grinder
  2662 | D:3      | Reached XP level 7. HP: 39/39 MP: 8/12
  2748 | D:3      | Found a runed door.
  2752 | D:3      | Noticed Crazy Yiuf
  2763 | D:3      | Killed Crazy Yiuf
  3469 | D:4      | Found a shadowy altar of Dithmenos.
  3892 | D:5      | Entered Level 5 of the Dungeon
  3934 | D:5      | Noticed Edmund
  3953 | D:5      | Killed Edmund
  4182 | D:5      | Found Taget's Gadget Shop.
  4485 | D:5      | Found Uzebamumm's Jewellery Shoppe.
  4495 | D:5      | Reached XP level 8. HP: 36/45 MP: 14/14
  4610 | D:5      | Reached skill level 5 in Fire Magic
  4732 | D:5      | Found Picoihiv's Distillery.
  4779 | D:5      | Gained mutation: Your body sometimes deteriorates upon taking damage. [potion of mutation]
  4779 | D:5      | Gained mutation: Scrolls take you a little longer to read. [potion of mutation]
  4779 | D:5      | Gained mutation: Your body often deteriorates upon taking damage. [potion of mutation]
  4779 | D:5      | Gained mutation: You are somewhat resistant to further mutation. [potion of mutation]
  4820 | D:5      | Noticed Ijyb
  4830 | D:5      | Killed Ijyb
  5057 | D:6      | Reached skill level 5 in Conjurations
  5142 | D:6      | Found a shimmering altar of Xom.
  5247 | D:6      | Found an opulent altar of Gozag.
  6044 | D:7      | Reached XP level 9. HP: 33/51 MP: 16/16
  6067 | D:7      | Identified a scroll of acquirement
  6154 | D:7      | Found a staircase to the Ecumenical Temple.
  6165 | Temple   | Entered the Ecumenical Temple
  6325 | D:7      | Found Zeuxkyla's Magic Scroll Emporium.
  6351 | D:7      | Bought a scroll of enchant armour for 90 gold pieces
  6367 | D:7      | Reached skill level 5 in Spellcasting
  6754 | D:7      | Reached skill level 5 in Stealth
  7857 | D:8      | Reached XP level 10. HP: 30/58 MP: 3/18
  8027 | D:8      | Noticed a two-headed hydra
  8035 | D:8      | Killed a two-headed hydra
  8227 | D:9      | Reached skill level 5 in Fighting
  8396 | D:9      | Learned a level 5 spell: Fireball
  8510 | D:9      | Found a staircase to the Lair.
  8859 | D:9      | Reached XP level 11. HP: 51/64 MP: 12/21
  9274 | Lair:1   | Entered Level 1 of the Lair of Beasts
  9674 | Lair:1   | Reached skill level 5 in Maces & Flails
 10541 | Lair:2   | Found a hole to the Spider Nest.
 10551 | Lair:2   | Noticed a six-headed hydra
 10560 | Lair:2   | HP: 1/64 [six-headed hydra (6)]
 10573 | Lair:2   | HP: 3/64 [six-headed hydra (2)]
 10573 | Lair:2   | Mangled by a six-headed hydra

Vault maps used:
D:1:      lightli_molten_gateway, minmay_close_crescents
D:3:      uniq_robin, uniq_crazy_yiuf_cottage, uniq_grinder
D:4:      first_bread, nicolae_dithmenos_shadow_blocks
D:5:      serial_shops, shop, nicolae_shop_crystal, nicolae_shop_trees,
          uniq_iyjb, uniq_edmund
D:6:      nicolae_gozag_seed_capital, minmay_ruined_shrine
D:7:      minmay_temple_entry_glass, serial_shops, nicolae_shop_statue_plus
D:8:      hangedman_ranch
D:9:      due_lair_maze_entry_diamond
Temple:   kilobyte_greek_temple
Lair:1:   minivault_24, infiniplex_staircase_pool
Lair:2:   nicolae_spider_entry_tight_spaces, lemuel_fruit_fields,
          minmay_lair_oklob_chamber

Skill      XL: |  1  2  3  4  5  6  7  8  9 10 11 |
---------------+----------------------------------+-----
Dodging        | 2 3 4 |  4.7
Maces & Flails | 1 2 3 4 5 |  5.1
Conjurations   | 2 3 4 5 7 8 9 |  9.2
Spellcasting   | 3 4 5 7 |  7.6
Fighting       | 1 2 3 4 5 6 |  6.0
Fire Magic     | 4 5 6 8 9 |  9.0
Stealth        | 3 4 5 6 |  6.8

Action                   |  1- 3 |  4- 6 |  7- 9 | 10-12 || total
-------------------------+-------+-------+-------+-------++-------
Melee: Unarmed           |    19 |       |       |       ||    19
       Whip              |    62 |    99 |    78 |       ||   239
       Dire flail        |       |       |   343 |   177 ||   520
 Cast: Flame Tongue      |    47 |    32 |     9 |     6 ||    94
       Throw Flame       |     2 |     3 |     4 |     4 ||    13
       Sticky Flame      |       |     1 |     7 |    40 ||    48
       Fireball          |       |       |       |     1 ||     1
  Use: Potion            |     2 |     3 |     4 |     4 ||    13
       Scroll            |     2 |     7 |    10 |     2 ||    21
 Stab: Sleeping          |       |     1 |     8 |       ||     9
       Distracted        |       |       |     1 |       ||     1
       Invisible         |       |       |     1 |       ||     1
  Eat: Chunk             |     2 |     5 |    17 |    15 ||    39
Armor: Robe              |    36 |     3 |       |       ||    39
       Leather armour    |       |    35 |   323 |   149 ||   507
Dodge: Dodged            |    89 |    62 |   315 |   155 ||   621
